 Dungeon Crawl Stone Soup version 0.18-a0-1628-g61c6396 (webtiles) character file.

15 M4edhros the Charmwright (level 2, 0/19 HPs)
             Began as an Octopode Wanderer on Mar 25, 2016.
             Slain by a jackal (1 damage)
             ... on level 2 of the Dungeon.
             The game lasted 00:00:57 (548 turns).

M4edhros the Charmwright (Octopode Wanderer)         Turns: 548, Time: 00:00:58

Health: 0/19       AC:  1    Str: 10    XL:     2   Next: 50%
Magic:  3/3        EV: 11    Int: 17    God:
Gold:   41         SH:  0    Dex:  9    Spells: 0 memorised, 3 levels left

rFire  . . .     SeeInvis .       - Unarmed
rCold  . . .     Gourm    .     (no shield)
rNeg   . . .     Faith    .     (helmet restricted)
rPois  .         Spirit   .     (no amulet)
rElec  .         Dismiss  .     (no ring)
rCorr  .         Reflect  .     (no ring)
SustAt .         Harm     .     (no ring)
MR     .....                    (no ring)
Stlth  +++.......               (no ring)
                                (no ring)
                                (no ring)
                                (no ring)

@: not resistant to hostile enchantments, fairly stealthy
A: almost no armour, amphibious, 8 rings, constrict 8, camouflage 1, gelatinous
body 1
a: no special abilities


You were on level 2 of the Dungeon.
You were not hungry.

You visited 1 branch of the dungeon, and saw 2 of its levels.

You collected 41 gold pieces.

Inventory:

Hand Weapons
 d - a +0 dagger
Wands
 c - a wand of random effects (15/48)
Scrolls
 a - 2 scrolls of recharging {unknown}
 j - a scroll of teleportation {unknown}
Potions
 b - a potion of curing
Books
 e - a book of Minor Magic

   Spells                             Type                      Level
   a - Magic Dart                     Conjuration                  1
   b - Blink                          Translocation                2
   c - Call Imp                       Summoning                    2
   d - Repel Missiles                 Charms/Air                   2
   e - Slow                           Hexes                        2
   f - Conjure Flame                  Conjuration/Fire             3
   g - Mephitic Cloud                 Conjuration/Poison/Air       3
Comestibles
 f - a bread ration
 g - a slice of pizza
 h - a beef jerky
 i - 4 fruits


   Skills:
 - Level 2.0 Fighting
 + Level 3.1 Stealth
   Level 1.0 Shields
 - Level 1.0 Unarmed Combat
 - Level 1.0 Spellcasting
   Level 4.0 Charms
 - Level 1.1 Evocations


You had 3 spell levels left.
You didn't know any spells.

Dungeon Overview and Level Annotations

Branches:
Dungeon (1/15)

Altars:


Innate Abilities, Weirdness & Mutations

You cannot wear most types of armour.
You are amphibious.
You can wear up to eight rings at the same time.
You can use your tentacles to constrict eight enemies at once.
Your skin changes colour to match your surroundings (Stealth).
Your rubbery body absorbs attacks (AC +1).


Message History

The jackal is severely wounded.
The jackal closely misses you. The jackal bites you.
* * * LOW HITPOINT WARNING * * *
You closely miss the jackal. You grab the jackal.
The jackal is severely wounded.
You constrict the jackal. The jackal completely misses you.
The jackal bites you.
* * * LOW HITPOINT WARNING * * *
You release your grip on the jackal.
You tentacle-slap the jackal but do no damage.
You grab the jackal.
The jackal is almost dead.
You constrict the jackal, but do no damage.
The jackal closely misses you.
You release your grip on the jackal.
The jackal bites you but does no damage.
You closely miss the jackal. Your grab misses the jackal.
The jackal is almost dead.
The jackal bites you.
You die...

#.######.....#...........
#............#........###
#............#........# #
#.......##.###........# ♣
#.####.....# #........# ♣
#.#........# #........# ♣
#.#.[......# #........# ♣
#........#............# ♣
########@#####........#
#......hw.......
#.....#......>.#
#.....#........#
#.....#.........
##......†########
......†....# ##.......#.#
#.......#.#


You could see a worm and a jackal.

Vanquished Creatures
  An ooze (D:1)
  A giant gecko (D:2)
  2 giant cockroaches (D:2)
  A jackal (D:2)
  2 bats (D:2)
  A goblin (D:1)
  2 rats (D:1)
10 creatures vanquished.

Notes
Turn   | Place    | Note
--------------------------------------------------------------
     0 | D:1      | M4edhros the Octopode Wanderer began the quest for the Orb.
     0 | D:1      | M4edhros set off with: a book of Minor Magic, a potion of curing, a wand of random effects (15/48), a +0 club, a bread ration
     0 | D:1      | Reached XP level 1. HP: 14/14 MP: 2/2
   150 | D:1      | Reached skill level 1 in Stealth
   159 | D:1      | Reached XP level 2. HP: 8/19 MP: 3/3
   373 | D:1      | You fall through a shaft!
   548 | D:2      | Slain by a jackal

Vault maps used:
D:1:      saegor_arrival_simple_c
D:2:      bh_walls_and_bars, uniq_crazy_yiuf_cottage

Skill      XL: |  1  2 |
---------------+-------+-----
Stealth        | 2 3 |  3.1
Fighting       | |  2.0
Shields        | |  1.0
Unarmed Combat | |  1.0
Spellcasting   | |  1.0
Charms         | |  4.0
Evocations     | |  1.1

Action                   || total
-------------------------++-------
Melee: Unarmed           ||    40
 Stab: Sleeping          ||     2
